[Event "44th Chess Olympiad Women 2022"]
[Site "Chennai"]
[Date "2022.08.01"]
[Round "4.47"]
[White "Sewak, Aarti"]
[Black "Mahmoud, Roula"]
[Result "0-1"]
[WhiteElo "1412"]
[BlackElo "1765"]
[Annotator "NA RC"]
[PlyCount "142"]
[EventDate "2022.??.??"]
[TimeControl "60"]

1. d4 Nf6 2. Nf3 g6 3. g3 Bg7 4. Bg2 O-O 5. Nc3 d5 6. Ne5 c6 7. f4 Nbd7 8. O-O Ne8 9. Qd3 Ndf6 10. h3 h5 11. Rf2 Nd6 12. b3 Bf5 13.
Qd1 Qc8 14. Kh2 b5 15. a3 Nfe4 16. Nxe4 dxe4 17. g4 hxg4 18. Nxg4 Bxg4 19. hxg4 Qxg4 20. Bh3 Qh5 21. Rg2 Nf5 22. Rg5 Qh4 23. e3 Rad8 24. c3 c5 25. Qe2 cxd4 26. cxd4 e5 27. Rg4 Qh8 28. fxe5 Bxe5+ 29. Kg2 Bd6 30. Qf2 Qf6 31. Bb2 Rfe8 32. Rg1 Kf8 33. Rf1 Rc8 34. d5 Nxe3+ 35. Qxe3 Qxb2+ 36. Rf2 Rc2 37. Qh6+ Ke7 38. Rxe4+ Kd8 39. Rxe8+ Kxe8 40. Rxc2 Qxc2+ 41. Kf1 Qd3+ 42. Kg1 Qxb3 43.
Qh8+ Ke7 44. Qh4+ g5 45. Qxg5+ Ke8 46. Qg8+ Bf8 47. Bg2 Qxa3 48. Qg4 Qc1+ 49. Kf2 Bc5+ 50. Kg3 Qe3+ 51. Bf3 Qg1+ 52. Kh3 Qxg4+ 53. Kxg4 Ke7 54. Be4 Kd6 55. Kf5 Bd4 56. Bd3 Kxd5 57. Bxb5 a5 58. Ba4 f6 59. Bb3+ Kc5 60. Ke4 Kb4 61. Bd5 Be5 62. Kd3 a4 63. Kc2 a3 64. Kd3 f5 65. Be6 f4 66. Ke4 Bd6 67. Kd3 Be7 68.
Bd5 Bg5 69. Ba2 f3 70. Bd5 f2 71. Ke2 Bh4 0-1

[Event "44th Chess Olympiad Women 2022"]
[Site "Chennai"]
[Date "2022.08.01"]
[Round "4.48"]
[White "Dubois, Martine"]
[Black "Ben Said, Safa"]
[Result "1-0"]
[WhiteElo "1782"]
[BlackElo "1564"]
[Annotator "NA RC"]
[PlyCount "87"]
[EventDate "2022.??.??"]
[TimeControl "60"]

1. e4 e6 2. Nf3 d5 3. Nc3 Nf6 4. e5 Nfd7 5. d4 c5 6. dxc5 Bxc5 7. Bd3 Nc6 8. Bf4 a6 9. O-O Qc7 10. Qd2 Ndxe5 11. Nxe5 Nxe5 12. Nxd5 Qd7 13. Be2 Qxd5 14. Qxd5 exd5 15. Bxe5 O-O 16. Rfd1 Be6 17. Bf3 Rfd8 18. Rd2 Rd7 19. Rad1 Rad8 20. c3 a5 21. Bd4 b6 22. a3 Kf8 23. Be2 Bxd4 24. Rxd4 Ke7 25. f4 Bf5 26. Bf3 Bc2 27. Re1+ Kf8 28.
Re2 Bb3 29. Kf2 Bc4 30. Red2 b5 31. Bd1 b4 32. axb4 axb4 33.
cxb4 Rb8 34. Rxc4 dxc4 35. Rxd7 Rxb4 36. Rd2 c3 37. bxc3 Rxf4+ 38. Ke3 Rf6 39. Bb3 Rb6 40. Bd5 Ke7 41. Kd4 h5 42. Re2+ Kf8 43. c4 g5 44. c5 1-0

[Event "44th Chess Olympiad Women 2022"]
[Site "Chennai"]
[Date "2022.08.01"]
[Round "4.48"]
[White "Hwass Zeineb"]
[Black "Berezovsky, Fiorina"]
[Result "1-0"]
[WhiteElo "1386"]
[BlackElo "1544"]
[Annotator "NA RC"]
[PlyCount "139"]
[EventDate "2022.??.??"]
[TimeControl "60"]

1. d4 d5 2. Bf4 c5 3. e3 Nc6 4. c3 Nf6 5. h3 Qb6 6. Qb3 c4 7. Qxb6 axb6 8.
Nd2 e6 9. Ngf3 b5 10. Be2 b4 11. O-O bxc3 12. bxc3 Ra3 13. Rfc1 Na7 14. Nb1 Ra6 15. a4 Bd7 16. Bd1 b5 17. Ne5 b4 18. Nxd7 Kxd7 19. cxb4 Bxb4 20. Nc3 Bxc3 21. Rxc3 Ne4 22. Rcc1 Kc6 23. f3 Nd6 24. Rcb1 h6 25.
Rb4 Rc8 26. Rab1 Kd7 27. Bc2 Nc6 28. R4b2 f6 29. Rd1 e5 30. dxe5 fxe5 31. Bg3 d4 32. exd4 exd4 33. Bg6 Rxa4 34. Rb6 c3 35. Bd3 Rb8 36. Rxb8 Nxb8 37. Be5 Nc6 38. Bxg7 Ra2 39. Bxh6 c2 40. Rc1 Nb4 41. Bg6 d3 42. Bd2 Nc6 43. Bxd3 Nd4 44. Bf4 Ra3 45. Bf1 N6f5 46. Kf2 Rb3 47. Bd2 Kd6 48. Bc4 Rb1 49. Bd3 Rb2 50. g4 Nh4 51. Be4 Kc5 52. Be3 Kc4 53. Bxd4 Kxd4 54. Rxc2 Rb8 55. Rd2+ Ke5 56. Rd5+ Kf4 57. Rh5 Rb2+ 58. Ke1 Nxf3+ 59. Bxf3 Kxf3 60. g5 Ke3 61. Kd1 Kd3 62. Kc1 Kc3 63. Rh4 Rg2 64. Rg4 Rh2 65. Rg3+ Kd4 66. g6 Rh1+ 67. Kc2 Rh2+ 68. Kb3 Rh1 69. g7 Rb1+ 70. Kc2 1-0

[Event "44th Chess Olympiad Women 2022"]
[Site "Chennai"]
[Date "2022.08.01"]
[Round "4.48"]
[White "Lebel-Arias, Julia"]
[Black "Laaribi, Mariem"]
[Result "1-0"]
[WhiteElo "1660"]
[BlackElo "1278"]
[Annotator "NA RC"]
[PlyCount "139"]
[EventDate "2022.??.??"]
[TimeControl "60"]

1. d4 f5 2. Nc3 e6 3. e4 Be7 4. exf5 exf5 5. Bc4 Nf6 6. Qf3 Nc6 7. Nge2 d6 8. Bf4 a6 9. a4 Bd7 10. Bb3 Qc8 11. Nd5 Ne4 12. Nxe7 Nxe7 13. Qh5+ Ng6 14. f3 Nf6 15. Qg5 Be6 16. c4 Bf7 17. Bd2 O-O 18.
Bc3 h6 19. Qd2 Re8 20. O-O Qe6 21. Nf4 Qe3+ 22. Qxe3 Rxe3 23. Nxg6 Bxg6 24. Rfe1 Ree8 25. Kf2 Bf7 26. d5 Nd7 27. Bc2 f4 28. g3 fxg3+ 29. hxg3 Rf8 30. Re7 Nb6 31. b3 Rfe8 32. Rxc7 Rab8 33. Bf5 Na8 34. Rd7 Red8 35. Re7 Kf8 36. Rae1 Re8 37. Rxe8+ Rxe8 38. Rxe8+ Bxe8 39. a5 b5 40. axb6 Nxb6 41. Ba5 Nd7 42. Bxd7 Bxd7 43. Ke3 Ke7 44. Kd4 g5 45. b4 h5 46. Ke3 Be8 47. c5 dxc5 48. bxc5 Kd7 49. Ke4 Bg6+ 50. Ke5 h4 51. c6+ Kc8 52. gxh4 gxh4 53. d6 Be8 54. d7+ Bxd7 55. cxd7+ Kxd7 56. Kf4 Ke7 57. Kg4 Kf6 58. Kxh4 Kf5 59. Kg3 Kg5 60. f4+ Kf5 61. Kf3 Kf6 62. Ke4 Ke6 63. f5+ Kf6 64. Kf4 Kf7 65. Ke5 Ke7 66. f6+ Kf7 67. Kf5 Kf8 68. Ke6 Ke8 69. f7+ Kf8 70. Bb4+ 1-0

[Event "44th Chess Olympiad Women 2022"]
[Site "Chennai"]
[Date "2022.08.01"]
[Round "4.48"]
[White "Meddeb, Chadha"]
[Black "Berezovska, Svetlana"]
[Result "1-0"]
[WhiteElo "1561"]
[BlackElo "1781"]
[Annotator "NA RC"]
[PlyCount "71"]
[EventDate "2022.??.??"]
[TimeControl "60"]

1. e4 c5 2. Nf3 e6 3. d4 cxd4 4. Nxd4 a6 5. Nc3 Qc7 6. Be2 b5 7. a3 Bb7 8. Qd3 Nf6 9. Bd2 Nc6 10. Nxc6 dxc6 11. Qe3 e5 12. O-O g6 13. Rad1 O-O-O 14. f4 Nd7 15. Kh1 exf4 16. Qxf4 Bd6 17. Qg4 h5 18. Qh3 Rdf8 19. Bg5 Be5 20.
Bf6 Bxf6 21. Rxf6 g5 22. Qf5 g4 23. Rfd6 Rd8 24. Qxf7 Ne5 25.
Qf5+ Nd7 26. e5 Rhf8 27. Qxh5 Rh8 28. Qxg4 Rhg8 29. Qh3 Rh8 30. Rxd7 Qxd7 31. Qxd7+ Rxd7 32. Bg4 Rhh7 33. Ne4 Kc7 34. Rxd7+ Rxd7 35. Bxd7 Kxd7 36. Nc5+ 1-0

[Event "44th Chess Olympiad Women 2022"]
[Site "Chennai"]
[Date "2022.08.01"]
[Round "4.49"]
[White "Mwango, Lorita"]
[Black "Saraci, Rinesa"]
[Result "1-0"]
[WhiteElo "1920"]
[BlackElo "1494"]
[Annotator "NA RC"]
[PlyCount "126"]
[EventDate "2022.??.??"]
[TimeControl "60"]

1. d4 Nf6 2. Nf3 e6 3. Bf4 c5 4. c3 Nc6 5. e3 d5 6. Nbd2 Nh5 7. Bg3 Nxg3 8. hxg3 Qb6 9. Qb3 Bd7 10. Be2 Be7 11. O-O Qxb3 12. Nxb3 c4 13. Nbd2 h5 14. Kh2 h4 15. gxh4 Bxh4 16. Nxh4 Rxh4+ 17. Kg3 Rh6 18. f3 O-O-O 19. Rh1 Rdh8 20. Rxh6 Rxh6 21. f4 Ne7 22. e4 f6 23. Re1 Nc6 24. exd5 exd5 25. Bf3 b5 26. Bxd5 Kd8 27. Bf3 Ne7 28. Kf2 Rh4 29. g3 Rh2+ 30. Bg2 Bh3 31. Rg1 Nd5 32. Nf1 Rxg2+ 33. Rxg2 Bxg2 34. Kxg2 b4 35. cxb4 Nxb4 36.
Nd2 Nxa2 37. Nxc4 Nb4 38. Kf3 Kd7 39. Ke4 g6 40. g4 Nc6 41. d5 Nb4 42. g5 f5+ 43. Kd4 Ke7 44. Ne5 Kd6 45. Nc4+ Ke7 46. b3 a6 47. Ne3 Kd6 48. Nc4+ Ke7 49. d6+ Kd7 50. Ne5+ Kxd6 51. Nxg6 Nd5 52. Kc4 Kc6 53. Ne5+ Kd6 54. Nd3 Ne7 55. Nb4 Ng6 56. Nd3 Ke6 57. Kc5 Kd7 58. Ne5+ Nxe5 59. fxe5 f4 60. Kd4 f3 61. Ke3 f2 62. Kxf2 Ke6 63. g6 Kd5 1-0

[Event "44th Chess Olympiad Women 2022"]
[Site "Chennai"]
[Date "2022.08.01"]
[Round "4.49"]
[White "Phiri Bertha"]
[Black "Sharku, Enesa"]
[Result "1-0"]
[WhiteElo "1606"]
[BlackElo "1094"]
[Annotator "NA RC"]
[PlyCount "91"]
[EventDate "2022.??.??"]
[TimeControl "60"]

1. e4 d5 2. exd5 Qxd5 3. Nf3 Nf6 4. d4 Bg4 5. Be2 e6 6. O-O Be7 7. Bf4 c6 8. c3 Nbd7 9. Nbd2 Qf5 10. Bg3 Nh5 11. Nc4 Nxg3 12. hxg3 Qh5 13. Re1 O-O 14. Nfe5 Nxe5 15. Nxe5 Bxe2 16. Qxe2 Qxe2 17. Rxe2 Rad8 18. Rd1 f6 19. Nc4 Kf7 20. Rde1 e5 21. dxe5 Bc5 22. b4 Bb6 23. exf6 Kxf6 24. Nxb6 axb6 25. Re7 Rd2 26. Rxb7 b5 27. Rc7 Kg5 28. f3 Rf6 29. Rxg7+ Kh6 30. Rge7 Rxa2 31. R1e6 Kg5 32. Rxf6 Kxf6 33. Rxh7 Ke6 34. Rh5 Ra8 35. Rc5 Kd6 36. g4 Rf8 37. Kf2 Rf6 38. g3 Ke7 39. g5 Rg6 40. g4 Kf7 41. f4 Ke7 42. Kf3 Kf7 43.
Ke4 Ke7 44. Rf5 Ke6 45. Rf6+ Rxf6 46. gxf6 1-0

[Event "44th Chess Olympiad Women 2022"]
[Site "Chennai"]
[Date "2022.08.01"]
[Round "4.49"]
[White "Saraci, Nita"]
[Black "Bwalya Mulwale, Lubuuto"]
[Result "0-1"]
[WhiteElo "1555"]
[BlackElo "1751"]
[Annotator "NA RC"]
[PlyCount "86"]
[EventDate "2022.??.??"]
[TimeControl "60"]

1. d4 Nf6 2. Nf3 d5 3. Bf4 c5 4. dxc5 Qa5+ 5. c3 Qxc5 6.
h3 e6 7. e3 Be7 8. Be2 O-O 9. O-O Nbd7 10. Nbd2 b5 11. Nb3 Qb6 12. a3 Bb7 13. Nbd4 a6 14. b4 Rac8 15. Qd3 Ne4 16. Rfc1 Bf6 17. Bh2 e5 18. Nb3 Nxc3 19. Bxe5 Nxe2+ 20. Qxe2 Nxe5 21. Nxe5 Bxe5 22. Ra2 Rxc1+ 23. Nxc1 d4 24. Nd3 Bb8 25. Nc5 Qd6 26. g3 Ba8 27. Rd2 Qc6 28. f3 dxe3 29. Qxe3 Bxg3 30. Kg2 Bh4 31. Rd3 Re8 32. Qd2 Qg6+ 33. Kf1 Qg3 34. Ne4 Qxh3+ 35. Qg2 Qxg2+ 36. Kxg2 Bxe4 37. fxe4 Rxe4 38. Kf3 Re6 39. Kg4 Bf6 40. a4 Re4+ 41. Kf3 Rxb4 42. axb5 Rxb5 43. Re3 h5 0-1

[Event "44th Chess Olympiad Women 2022"]
[Site "Chennai"]
[Date "2022.08.01"]
[Round "4.50"]
[White "Estur, Grace Co"]
[Black "Otisitswe Ruth"]
[Result "0-1"]
[WhiteElo "1472"]
[BlackElo "1552"]
[Annotator "NA RC"]
[PlyCount "126"]
[EventDate "2022.??.??"]
[TimeControl "60"]

1. d4 Nf6 2. b3 g6 3. Bb2 Bg7 4. Nd2 d5 5. e3 Bf5 6. Ngf3 a5 7. Ne5 Nbd7 8.
Nd3 O-O 9. Be2 Qc8 10. O-O c5 11. c4 dxc4 12. Nxc4 cxd4 13. Rc1 Qd8 14. exd4 b5 15. Nce5 Nd5 16. Nc6 Qe8 17. Qd2 b4 18. f4 N7f6 19. Bf3 Ra6 20. Nde5 Bd7 21. Nxd7 Qxd7 22. Ne5 Qd6 23. Rfe1 e6 24. Rc2 Nd7 25. Rec1 Ne7 26. Qe2 Ra7 27. Nxd7 Rxd7 28. Rc4 Qxf4 29. d5 Qd6 30. Bxg7 Kxg7 31. dxe6 Qxe6 32. Qxe6 fxe6 33. Rc7 Rfd8 34. Bg4 Nf5 35. Rxd7+ Rxd7 36. Re1 Kf6 37. h4 Rd2 38. h5 Rxa2 39. hxg6 hxg6 40. Rf1 Ra3 41. Bd1 Kg5 42. Rf3 e5 43. Rd3 Nd4 44. Kf2 a4 45. Rg3+ Kf6 46. bxa4 Rxg3 47. Kxg3 b3 48. Bxb3 Nxb3 49. Kf3 Kf5 50. g4+ Kg5 51. Kg3 e4 52. Kh3 Kf4 53. g5 Kxg5 54. Kg3 Kf5 55.
Kf2 Kf4 56. Ke2 g5 57. Kf2 e3+ 58. Ke2 g4 59. Ke1 Kf3 60. Kf1 e2+ 61. Ke1 g3 62. a5 g2 63. a6 g1=Q# 0-1

[Event "44th Chess Olympiad Women 2022"]
[Site "Chennai"]
[Date "2022.08.01"]
[Round "4.50"]
[White "Marape, Naledi"]
[Black "Nacario, Ruth"]
[Result "1-0"]
[WhiteElo "1714"]
[BlackElo "1552"]
[Annotator "NA RC"]
[PlyCount "61"]
[EventDate "2022.??.??"]
[TimeControl "60"]

1. e4 d6 2. d4 Nf6 3. Nc3 g6 4. f3 Bg7 5. Be3 c6 6. Qd2 O-O 7. Bh6 e5 8.
Bxg7 Kxg7 9. O-O-O Qc7 10. g4 b5 11. h4 a5 12. h5 Ng8 13. Qh2 Qe7 14. hxg6 Qg5+ 15. Kb1 Qxg6 16. dxe5 dxe5 17. Qxe5+ f6 18. Qc7+ Qf7 19. Qh2 Qg6 20. Bd3 h6 21. Nge2 Qf7 22. Nd4 Qg6 23. e5 Qg5 24. f4 Qxg4 25.
Rdg1 Qxg1+ 26. Rxg1+ Kf7 27. Qh5+ Ke7 28. Rg7+ Kd8 29. exf6 Nxf6 30. Qe5 Ng8 31. Qc7+ 1-0

[Event "44th Chess Olympiad Women 2022"]
[Site "Chennai"]
[Date "2022.08.01"]
[Round "4.50"]
[White "Ollet, Myra"]
[Black "Besa, Masaiti"]
[Result "0-1"]
[WhiteElo "1480"]
[BlackElo "1745"]
[Annotator "NA RC"]
[PlyCount "123"]
[EventDate "2022.??.??"]
[TimeControl "60"]

1. d4 Nf6 2. Bf4 g6 3. h3 d5 4. Nf3 Bg7 5. Nbd2 c5 6. c3 Nc6 7. e3 cxd4 8. cxd4 Qb6 9. Rb1 Bf5 10. Rc1 Qxb2 11. Be2 O-O 12. O-O Qxa2 13. Ne5 Nxe5 14. Bxe5 Rfc8 15. Rxc8+ Rxc8 16. Bxf6 Bxf6 17. Nf3 Qc2 18. g4 Be4 19. Nh2 Qxd1 20. Rxd1 g5 21. f3 Bc2 22. Rc1 Rc6 23. Bb5 Rb6 24. Rxc2 Rxb5 25. Nf1 e6 26. Ng3 h6 27. Rc8+ Kh7 28. Rc7 Kg6 29. Nh5 Rb6 30. Rc8 e5 31. Rg8+ Kh7 32. Rf8 exd4 33. exd4 Bxd4+ 34. Kf1 a5 35. Rxf7+ Kg6 36. Rd7 a4 37. Rxd5 a3 38. Rxd4 a2 39. Ra4 Ra6 40. Rxa2 Rxa2 41. Ng3 b5 42. Ne4 b4 43. Ke1 h5 44. Kd1 hxg4 45. hxg4 Ra3 46. Nd2 Re3 47. Kc1 b3 48. Kb2 Re2 49. Kc3 b2 50. Nb1 Rf2 51. Kb3 Kf6 52. Nc3 Ke5 53. Ka2 Kf4 54. Nd1 Rxf3 55. Kxb2 Kxg4 56. Kc2 Kh3 57. Kd2 g4 58. Ke2 Kh2 59. Nb2 Ra3 60. Nd1 g3 61. Ne3 Rxe3+ 62. Kxe3 0-1

[Event "44th Chess Olympiad Women 2022"]
[Site "Chennai"]
[Date "2022.08.01"]
[Round "4.51"]
[White "Banda Tapiwa"]
[Black "Juarez Garcia, Daniela"]
[Result "0-1"]
[WhiteElo "1238"]
[BlackElo "1725"]
[Annotator "NA RC"]
[PlyCount "92"]
[EventDate "2022.??.??"]
[TimeControl "60"]

1. d4 d5 2. e3 Nf6 3. Bd3 e6 4. Nd2 Nbd7 5. f4 c5 6. c3 Be7 7. Ngf3 Qc7 8. Ne5 a6 9. O-O b5 10. Bb1 Bb7 11. a3 Ne4 12. Nxe4 dxe4 13. Bd2 Bf6 14. Bc2 Rd8 15. Qb1 Nxe5 16. fxe5 Bxe5 17. Bxe4 Bxh2+ 18. Kh1 Bd5 19. Rf3 Bd6 20. Bxd5 exd5 21. Qf5 Bf8 22. Raf1 f6 23. Rh3 Qd7 24. Qxd7+ Rxd7 25. b4 c4 26. Re1 f5 27. Kg1 g6 28. Kf2 Kf7 29. Reh1 h5 30. Kf1 Bh6 31. Kf2 Re8 32. Re1 Rde7 33.
Rf3 Kf6 34. Rg3 Bg5 35. Rh3 Re4 36. Re2 f4 37. Rf3 Kg7 38.
g3 fxe3+ 39. Bxe3 Bxe3+ 40. Rexe3 Rxe3 41. Rxe3 Rxe3 42. Kxe3 Kf6 43. Kf4 g5+ 44. Kf3 Kf5 45. Kf2 Ke4 46. Ke2 h4 0-1

[Event "44th Chess Olympiad Women 2022"]
[Site "Chennai"]
[Date "2022.08.01"]
[Round "4.51"]
[White "Kapalamula Martha"]
[Black "Lopez L., Dairyn D."]
[Result "0-1"]
[WhiteElo "1237"]
[BlackElo "1574"]
[Annotator "NA RC"]
[PlyCount "74"]
[EventDate "2022.??.??"]
[TimeControl "60"]

1. e4 g6 2. d4 Bg7 3. Nf3 d6 4. Bc4 e6 5. O-O Ne7 6. Nc3 O-O 7. Re1 c6 8. a4 d5 9. exd5 cxd5 10. Bb3 Nbc6 11. Ne2 Nf5 12. c3 b6 13. Bc2 Nce7 14. Bg5 Qc7 15. Bxe7 Nxe7 16. Ng3 a6 17. Qd2 Rb8 18. b4 Nc6 19. h4 e5 20. h5 e4 21. Nh4 Qd8 22. b5 axb5 23. axb5 Na5 24. Qf4 Bd7 25. hxg6 fxg6 26. Qd6 Rf6 27. Qxd5+ Kh8 28. Nxe4 Rf8 29. Nf3 Rf5 30. Qa2 Bxb5 31. Ng3 Bc4 32. Qa3 Rb5 33. Qc1 Qc7 34. Kh2 Rf8 35. Rh1 Bd5 36. Qd1 Bxf3 37. gxf3 Qxc3 0-1

[Event "44th Chess Olympiad Women 2022"]
[Site "Chennai"]
[Date "2022.08.01"]
[Round "4.51"]
[White "Mazariegos, Silvia Carolina"]
[Black "Jambo, Linda"]
[Result "1-0"]
[WhiteElo "1851"]
[BlackElo "1426"]
[Annotator "NA RC"]
[PlyCount "71"]
[EventDate "2022.??.??"]
[TimeControl "60"]

1. d4 d5 2. e3 Nf6 3. Bd3 e6 4. Nd2 Be7 5. c3 O-O 6. Qe2 b6 7. f4 a5 8. Ngf3 Ba6 9. O-O Bxd3 10. Qxd3 Nbd7 11. Ne5 Nxe5 12. fxe5 Nd7 13. Nf3 h6 14. e4 c6 15. Be3 b5 16. exd5 exd5 17. Qf5 Qc8 18. Qh5 Nb6 19. Rae1 Qe6 20.
Bc1 Rae8 21. Nh4 Bxh4 22. Qxh4 Nd7 23. Re3 Qe7 24. Qh5 Qe6 25. Rg3 Kh7 26. Re3 Qg6 27. Qe2 a4 28. Rg3 Qe6 29. Re3 Qg6 30.
h4 Re6 31. h5 Qg5 32. b3 axb3 33. axb3 Qd8 34. Rg3 f6 35. Qg4 Rg8 36. Qxe6 1-0

[Event "44th Chess Olympiad Women 2022"]
[Site "Chennai"]
[Date "2022.08.01"]
[Round "4.51"]
[White "Natareno, Elvia"]
[Black "Msukwa, Tupokiwe"]
[Result "1-0"]
[WhiteElo "1581"]
[BlackElo "1369"]
[Annotator "NA RC"]
[PlyCount "136"]
[EventDate "2022.??.??"]
[TimeControl "60"]

1. d4 d5 2. Nf3 Nf6 3. e3 Bf5 4. b3 e6 5. Bb2 Be7 6. Nbd2 Nbd7 7. Be2 h6 8. h3 c5 9. O-O O-O 10. c4 Nb6 11. Rc1 Rc8 12. cxd5 exd5 13. dxc5 Bxc5 14. Nd4 Be4 15. Bg4 Nxg4 16. Qxg4 Bg6 17. Nf5 Qd7 18. Nxg7 Qxg4 19. hxg4 Bb4 20. Nf3 Bd3 21. Rxc8 Rxc8 22. Ra1 Rc2 23. Bd4 Bc3 24. Bxc3 Rxc3 25. Ne8 Rc2 26. Nd4 Rc8 27. Nd6 Rc7 28. Rd1 Ba6 29. Kh2 Kf8 30. Kg3 Nc8 31. N6f5 Ne7 32. Nxh6 Nc6 33. Nhf5 Nd8 34. Rh1 Kg8 35. Rh6 Bd3 36. Rd6 Nc6 37. Rxd5 Nxd4 38. Nxd4 Bb1 39. a4 a6 40. f4 Re7 41. Kf2 Rc7 42. b4 Rc4 43. b5 Rxa4 44. bxa6 bxa6 45. g5 a5 46. Rb5 Be4 47. Nb3 Ra2+ 48. Ke1 a4 49. Nc1 Rxg2 50. Ra5 Rg1+ 51. Kd2 Rg2+ 52. Ke1 Rg1+ 53. Kd2 Rg2+ 54. Kc3 Rc2+ 55. Kd4 Bh7 56. Nd3 Rd2 57. e4 Ra2 58. Ke5 Kg7 59. Ra7 a3 60. Nc5 Rc2 61. Ne6+ Kh8 62. Nd8 Bg6 63. f5 Rc8 64. fxg6 Rxd8 65. gxf7 Kg7 66. Kf5 Rf8 67. g6 Rb8 68. Rxa3 Rb5+ 1-0

[Event "44th Chess Olympiad Women 2022"]
[Site "Chennai"]
[Date "2022.08.01"]
[Round "4.52"]
[White "Bagga, Khushi"]
[Black "Mentile, Lishen"]
[Result "1-0"]
[WhiteElo "1328"]
[BlackElo "1486"]
[Annotator "NA RC"]
[PlyCount "55"]
[EventDate "2022.??.??"]
[TimeControl "60"]

1. e4 d5 2. exd5 Qxd5 3. Nc3 Qd6 4. Bc4 Nf6 5. d4 a6 6. Nge2 Qc6 7. Qd3 Qxg2 8. Rg1 Qxh2 9. Bf4 Qh3 10. Ng3 Qd7 11. O-O-O e6 12. Rge1 Bd6 13. Bxd6 Qxd6 14. Kb1 g6 15. d5 c6 16. Qd4 Nbd7 17. Nge4 Qe7 18. dxe6 fxe6 19. Nxf6+ Nxf6 20. Ne4 Kf7 21.
Nd6+ Kg7 22. Nxc8 Raxc8 23. Rxe6 Qd8 24. Rxf6 Qxf6 25. Qd7+ Kf8 26. Qxc8+ Kg7 27. Qd7+ Kf8 28. Re1 1-0

[Event "44th Chess Olympiad Women 2022"]
[Site "Chennai"]
[Date "2022.08.01"]
[Round "4.52"]
[White "Chong, Kimberly"]
[Black "Beukes Jamie-Nicole"]
[Result "1/2-1/2"]
[WhiteElo "1741"]
[BlackElo "1231"]
[Annotator "NA RC"]
[PlyCount "108"]
[EventDate "2022.??.??"]
[TimeControl "60"]

1. e4 c5 2. c3 Nc6 3. d4 cxd4 4. cxd4 d5 5. exd5 Qxd5 6. Nf3 e5 7. Nc3 Bb4 8. Bd2 Bxc3 9. Bxc3 Bg4 10. dxe5 Rd8 11. Qxd5 Rxd5 12. Be2 Nge7 13. h3 Be6 14. Bc4 Rc5 15. Bxe6 fxe6 16. O-O Nd5 17. Rac1 Nf4 18. Rce1 h6 19. Nd2 O-O 20. Ne4 Rd5 21. Nd6 b5 22. Re4 Nd3 23. f4 b4 24. Be1 a5 25. Rc4 Nd4 26. Nc8 Nf5 27. g4 Ne3 28.
Ne7+ Kh7 29. Nxd5 Nxc4 30. Nc7 Nxf4 31. Kh2 Ng6 32. Rf2 Ncxe5 33. Rxf8 Nxf8 34. Bf2 Nd3 35. Bb6 a4 36. b3 axb3 37. axb3 Nd7 38. Be3 N7c5 39. Kg3 e5 40. Nd5 Nxb3 41. Kf3 Nbc5 42. Bxc5 Nxc5 43. Nxb4 Kg6 44. h4 h5 45. Nd5 hxg4+ 46. Kxg4 Kh6 47. Ne3 g6 48. Nd5 Ne6 49. Ne3 Nd4 50. Nc4 Nc6 51. Ne3 Ne7 52. Nc4 Nc6 53. Ne3 Ne7 54. Nc4 Nc6 1/2-1/2

[Event "44th Chess Olympiad Women 2022"]
[Site "Chennai"]
[Date "2022.08.01"]
[Round "4.52"]
[White "Tsuses, Patience"]
[Black "Ray, Hiya"]
[Result "0-1"]
[WhiteElo "1075"]
[BlackElo "1586"]
[Annotator "NA RC"]
[PlyCount "68"]
[EventDate "2022.??.??"]
[TimeControl "60"]

1. e4 c5 2. Nf3 Nc6 3. d4 cxd4 4. Nxd4 g6 5. Be3 Bg7 6. c3 Nf6 7. Bd3 Ne5 8. f3 O-O 9. Bc2 d5 10. Nd2 dxe4 11. Nxe4 Nd5 12. Qe2 Nxe3 13. Qxe3 Nc4 14. Qc1 Bxd4 15. cxd4 Qxd4 16. b3 Ne3 17. Ke2 Nxg2 18. Qh6 b6 19. Rad1 Ba6+ 20. Bd3 Bxd3+ 21. Rxd3 Qe5 22. Kf2 Nf4 23. Rd2 f6 24. Rg1 Rad8 25. Rxd8 Rxd8 26. Kg3 Ne2+ 27. Kg2 Nxg1 28. Kxg1 Rd1+ 29. Kg2 Ra1 30. Qd2 Rb1 31. Qd8+ Kf7 32. Nf2 Qg5+ 33. Kh3 Rg1 34. Ng4 Qh5# 0-1

[Event "44th Chess Olympiad Women 2022"]
[Site "Chennai"]
[Date "2022.08.01"]
[Round "4.52"]
[White "Van Wyk, Keisha C"]
[Black "Smith, Olivia"]
[Result "0-1"]
[WhiteElo "1237"]
[BlackElo "2038"]
[Annotator "NA RC"]
[PlyCount "104"]
[EventDate "2022.??.??"]
[TimeControl "60"]

1. e4 d5 2. exd5 Nf6 3. Nf3 Nxd5 4. d4 c6 5. Be2 g6 6. c4 Nf6 7. Nc3 Bg7 8. Be3 Nbd7 9. Qd2 Ng4 10. Bf4 e5 11. dxe5 Ngxe5 12. Nxe5 Nxe5 13. Qxd8+ Kxd8 14. Rd1+ Ke7 15. O-O Be6 16. b3 Rhd8 17. Ne4 Bf5 18. Bxe5 Bxe5 19. Ng3 Bc2 20. Rde1 Kf6 21. Kh1 Rd2 22. Bd1 Bd3 23. Ne4+ Bxe4 24. Rxe4 Rxa2 25. f4 Bd6 26. g3 Rd8 27. Bf3 Bb4 28. h4 Rdd2 29. Be2 Rxe2 30. Rxe2 Rxe2 31. Rf3 Bc5 32. g4 Re3 33. Kg2 Rxf3 34. Kxf3 h5 35. gxh5 gxh5 36. Ke4 Bf2 37. Kf3 Bxh4 38. Kg2 Kf5 39. Kf3 Be7 40. Kg3 h4+ 41. Kf3 a5 42. Ke3 h3 43. Kf3 Bh4 44. c5 f6 45. Ke3 h2 46. Kd3 h1=Q 47. Ke2 Qe4+ 48. Kd2 Be1+ 49. Kd1 Bc3 50. b4 Qd3+ 51. Kc1 Qd2+ 52. Kb1 Qb2# 0-1

[Event "44th Chess Olympiad Women 2022"]
[Site "Chennai"]
[Date "2022.08.01"]
[Round "4.53"]
[White "Kojima, Natsumi"]
[Black "Cho, Hung-Ling"]
[Result "1/2-1/2"]
[WhiteElo "1782"]
[BlackElo "1576"]
[Annotator "NA RC"]
[PlyCount "120"]
[EventDate "2022.??.??"]
[TimeControl "60"]

1. e4 e5 2. Nf3 Nc6 3. d4 exd4 4. Nxd4 Nf6 5. Nxc6 bxc6 6.
e5 Qe7 7. Qe2 Nd5 8. c4 Ba6 9. b3 Nb6 10. Bb2 Qg5 11. Nd2 O-O-O 12. O-O-O Bc5 13. g3 Rhe8 14. f4 Qe7 15. Qg4 g6 16. Bg2 Ba3 17. Ne4 Bxb2+ 18. Kxb2 Qb4 19. Ka1 f5 20. exf6 Bxc4 21. Qf3 Bd5 22. Rhe1 Bxe4 23. Rxe4 Rxe4 24. Qxe4 Qc3+ 25. Kb1 Qxf6 26.
Qd3 Kb8 27. Bf3 Re8 28. Qd2 Qf5+ 29. Ka1 Qc5 30. Rc1 Qe3 31. Qc3 Qxc3+ 32. Rxc3 Nd5 33. Rd3 Re3 34. Rxe3 Nxe3 35. Be2 Kb7 36. Kb2 c5 37. Kc3 d5 38. Kd3 Nf5 39. Bf3 c6 40. Bg2 a5 41. a4 Kc7 42. Bf3 Kd6 43. Bg4 Nd4 44. Bd1 h5 45. Ke3 Ke6 46. Kd3 Kf6 47. Kd2 Kf5 48. Ke3 Kf6 49. Kd2 Nf5 50. Bf3 h4 51. g4 Nd4 52. Bd1 Ne6 53.
Ke3 g5 54. f5 Nf4 55. Bf3 Ke5 56. Bh1 Kf6 57. Bf3 Ke5 58. Bh1 Kd6 59. Bf3 Ke5 60. Bh1 h3 1/2-1/2

[Event "44th Chess Olympiad Women 2022"]
[Site "Chennai"]
[Date "2022.08.01"]
[Round "4.53"]
[White "Mitsuyama, Rikka"]
[Black "Shih, Ching-An"]
[Result "0-1"]
[WhiteElo "1157"]
[BlackElo "1582"]
[Annotator "NA RC"]
[PlyCount "72"]
[EventDate "2022.??.??"]
[TimeControl "60"]

1. d4 Nf6 2. c4 e6 3. Nf3 d5 4. Nc3 Be7 5. Bg5 O-O 6. e3 h6 7. Bh4 Nbd7 8.
Bd3 dxc4 9. Bxc4 c5 10. O-O Nb6 11. Bd3 cxd4 12. Nxd4 Nbd5 13. Rc1 Bd7 14. Bg3 Qb6 15. Qe2 Rac8 16. Ne4 Nb4 17. Nxf6+ Bxf6 18. Bc4 Bxd4 19. exd4 Bc6 20. Be5 Bd5 21. Qg4 f6 22. Bxd5 Nxd5 23. Bg3 Rxc1 24. Rxc1 Qxb2 25. Qxe6+ Kh8 26. Rd1 Qxa2 27. Bd6 Rd8 28. Re1 Qa6 29. Qxd5 Qxd6 30. Qxb7 Qxd4 31. h3 Qd2 32. Re7 Qc1+ 33. Kh2 Qf4+ 34. g3 Qxf2+ 35. Qg2 Qc5 36. Qe2 a5 0-1

[Event "44th Chess Olympiad Women 2022"]
[Site "Chennai"]
[Date "2022.08.01"]
[Round "4.53"]
[White "Tsai, Sophie Yi-Hsuan"]
[Black "Sakai, Azumi"]
[Result "0-1"]
[WhiteElo "1131"]
[BlackElo "1759"]
[Annotator "NA RC"]
[PlyCount "74"]
[EventDate "2022.??.??"]
[TimeControl "60"]

1. e4 e6 2. d4 d5 3. Nd2 Be7 4. e5 Nh6 5. Bd3 c5 6. c3 Nc6 7. Ne2 cxd4 8. cxd4 Nf5 9. Nf3 Qb6 10. O-O Bd7 11. Bxf5 exf5 12. b3 h6 13. Nc3 Be6 14. Bb2 g5 15. Na4 Qc7 16. Rc1 g4 17. Ne1 Bg5 18. Rc3 f4 19. Nc5 h5 20. Qc2 O-O-O 21. b4 Qb6 22. Nxe6 fxe6 23. Qg6 Bh6 24. Qxe6+ Kb8 25. Nc2 f3 26. g3 Bd2 27. Rb3 Rh6 28. Qf5 Ne7 29. Qd3 Bg5 30. Ne3 Qe6 31. Bc1 h4 32. Nf5 Bxc1 33. Nxe7 hxg3 34. Rxc1 gxf2+ 35. Kxf2 Rxh2+ 36. Ke1 Qxe7 37. Qf5 Qh4+ 0-1